 Dungeon Crawl Stone Soup version 0.24-a0-412-ge138f7edaf (webtiles) character file.

Game seed: 7250691274527159272

335 emperorscorpion the Poker (level 6, 0/49 HPs)
             Began as a Demonspawn Berserker on June 6, 2019.
             Was a Follower of Trog.
             Killed from afar by an orc wizard (3 damage)
             ... with a magic dart
             ... on level 4 of the Dungeon.
             The game lasted 00:03:24 (328 turns).

emperorscorpion the Poker (Demonspawn Berserker)     Turns: 328, Time: 00:03:24

Health: 0/49       AC:  8    Str: 19    XL:     6   Next: 28%
Magic:  6/6        EV: 11    Int:  9    God:    Trog [*.....]
Gold:   68         SH:  0    Dex: 12    Spells: 5/5 levels left

rFire    . . .     SeeInvis .   a - +0 spear
rCold    . . .     Gourm    .   (no shield)
rNeg     . . .     Faith    .   g - +0 scale mail
rPois    .         Spirit   .   (no helmet)
rElec    .         Reflect  .   (no cloak)
rCorr    .         Harm     .   (no gloves)
MR       .....                  (no boots)
Stlth    ..........             (no amulet)
HPRegen  0.16/turn              (no ring)
MPRegen  0.10/turn              (no ring)

@: berserk cooldown, slowed, very slow
A: iridescent scales 1, spiny 1
a: Berserk, Renounce Religion


You were on level 4 of the Dungeon.
You worshipped Trog.
Trog was aware of your devotion.
You were not hungry.

You visited 1 branch of the dungeon, and saw 5 of its levels.

You collected 68 gold pieces.

Inventory:

Hand Weapons
 a - a +0 spear (weapon)
 e - a +2 hand axe of chopping
Armour
 b - a +0 animal skin
 g - a +0 scale mail (worn)
Comestibles
 c - 2 rations
 f - 7 chunks of flesh


   Skills:
 + Level 4.5 Fighting
 + Level 4.7 Polearms
 + Level 2.4 Armour
 + Level 2.9 Dodging


You had 5 spell levels left.
You didn't know any spells.
Your spell library was empty.

Dungeon Overview and Level Annotations

Branches:
Dungeon (5/15)             Temple (0/1) D:4

Altars:


Innate Abilities, Weirdness & Mutations

You are partially covered in iridescent scales. (AC +2)
You are partially covered in sharp spines.


Message History

The orc wizard is lightly wounded.
The orc wizard gestures at you while chanting.
The magic dart hits you!
* * * LOW HITPOINT WARNING * * *
Some of the chunks of flesh in your inventory have rotted away.
You hit the orc wizard.
The orc wizard is moderately wounded.
The orc wizard hits you but does no damage.
You hit the orc wizard but do no damage.
The orc wizard is moderately wounded.
The orc wizard begins to cast a cantrip, but forgets the words! x2
You barely miss the orc wizard.
The orc wizard is moderately wounded.
The orc wizard is struck by your spines.
The orc wizard barely misses you.
You hit the orc wizard.
The orc wizard is heavily wounded.
The orc wizard casts a spell at you. The magic dart hits you.
You die...

***********
*,,,,...,,********* ********
*,***#..,,,,,,,,,,* ,,,,,,,*
*,* #.#*,******,** ,,,,,,,*
#.* #.#*.#***,*,*
,,,,,,,*###.####.#*?.,,,,*,*
,,,,,***.......#.##.####.*,*
,,,,,,,,.......#.#....o..*,*
,,,,,,,*,,.....#@#...o.#,,,*
,,,,,,,,,,,,...#o#....#**,,**
,,,,,,,,.#+###.#{#...#*,*+,,*
,,,,,,,,......(÷....#*,∩,**,*
,,,,<,,,....##.#.#...#*,**,,*
,,,,,,,,........>#.#..#**,,**
,,,,,,,,...#.#.#.#.#*..#,,,*
,,,,,,,,,,,#...#.#.#**...***
,,,,,,,,,,,##..#.#.# *,##*


You could see an orc wizard.

Vanquished Creatures
  A sky beast (D:4)
  An ogre (D:4)
  2 howler monkeys (D:4)
  A hound (D:4)
  An orc wizard (D:4)
  2 adders (D:4)
  A leopard gecko (D:4)
  3 orcs (D:4)
  6 jackals
18 creatures vanquished.

Vanquished Creatures (others)
  A plant (D:4)
1 creature vanquished.

Grand Total: 19 creatures vanquished

Notes
Turn   | Place    | Note
-------+----------+-------------------------------------------
     0 | D:1      | emperorscorpion the Demonspawn Berserker began the quest
                  | for the Orb.
     0 | D:1      | Reached XP level 1. HP: 18/18 MP: 1/1
    55 | D:4      | Noticed a hound
    57 | D:4      | Noticed a howler monkey
    67 | D:4      | Killed a hound
    67 | D:4      | Gained mutation: You are partially covered in iridescent
                  | scales. (AC +2) [demonic ancestry]
    67 | D:4      | Reached XP level 2. HP: 24/24 MP: 2/2
    67 | D:4      | Reached XP level 3. HP: 28/29 MP: 3/3
    71 | D:4      | Reached XP level 4. HP: 37/37 MP: 4/4
    78 | D:4      | Noticed an ogre
   143 | D:4      | Killed an ogre
   143 | D:4      | Gained mutation: You are partially covered in sharp spines.
                  | [demonic ancestry]
   143 | D:4      | Reached XP level 5. HP: 33/42 MP: 5/5
   153 | D:4      | Noticed a sky beast
   201 | D:4      | Killed a sky beast
   201 | D:4      | Reached XP level 6. HP: 29/49 MP: 6/6
   291 | D:5      | Entered Level 5 of the Dungeon
   324 | D:4      | HP: 2/49 [orc wizard/magic dart (10)]
   328 | D:4      | Killed from afar by an orc wizard

Levels and vault maps discovered:
D:1:      noname_arrival_rooms_in_the_neighbourhood, layout_rooms
D:2:      layout_rooms, marbit_many_paths, chequers_ecumenical_altar_grove,
          chequers_serial_rivers_room_b, minmay_misc_feat_chi, minivault_23,
          minmay_goblin_outpost
D:3:      layout_basic, uniq_jessica
D:4:      layout_basic, fedhas_ov_isle_minmay, kennysheep_okawaru_gauntlet,
          minmay_temple_entry_slanted, enter_ossuary_5, dk_rats_in_the_wall
D:5:      layout_loops_ring, eat_drink_and_be_merry_uskayaw, first_ration

Skill      XL: |  1  2  3  4 |
---------------+-------------+-----
Polearms       | 3 4 |  4.7
Armour         | 2 |  2.4
Dodging        | 2 |  2.9
Fighting       | 4 |  4.5

Action                   |  1- 3 |  4- 6 || total
-------------------------+-------+-------++-------
Melee: Spear             |    16 |    52 ||    68
Invok: Berserk           |     1 |     3 ||     4
  Use: Potion            |       |     1 ||     1
       Scroll            |       |     1 ||     1
  Eat: Chunk             |       |     2 ||     2
Armor: Animal skin       |     1 |     6 ||     7
       Scale mail        |       |     3 ||     3
Dodge: Dodged            |     6 |    24 ||    30

Table legend:
 A = Non-vault XP
 B = Vault XP
 C = Vault XP percentage of total XP
 D = Non-vault monster count
 E = Vault monster count
 F = Vault count percentage of total count
                 A         B        C        D         E       F
            +---------+---------+-------+---------+---------+-------
      Total |     479 |       0 |   0.0 |      18 |       0 |   0.0
            +---------+---------+-------+---------+---------+-------
        D:3 |       4 |       0 |   0.0 |       2 |       0 |   0.0
        D:4 |     475 |       0 |   0.0 |      16 |       0 |   0.0
            +---------+---------+-------+---------+---------+-------
